 Dungeon Crawl Stone Soup version 0.23.2-1-ga50397a (webtiles) character file.

Game seed: 7944129078492550227

22 eccles the Vexing (level 2, 0/19 HPs)
             Began as a Vampire Enchanter on Apr 26, 2019.
             Slain by a jackal (1 damage)
             ... on level 2 of the Dungeon.
             The game lasted 00:06:57 (808 turns).

eccles the Vexing (Vampire Enchanter)                Turns: 808, Time: 00:06:58

Health: 0/19       AC:  3    Str:  7    XL:     2   Next: 68%
Magic:  5/5        EV: 12    Int: 17    God:
Gold:   45         SH:  0    Dex: 14    Spells: 4/5 levels left

rFire    . . .     SeeInvis +   a - +1 dagger
rCold    . . .     Gourm    .   (no shield)
rNeg     + . .     Faith    .   b - +0 robe
rPois    .         Spirit   .   (no helmet)
rElec    .         Reflect  .   (no cloak)
rCorr    .         Harm     .   e - +0 pair of gloves
MR       .....                  (no boots)
Stlth    +++.......             (no amulet)
HPRegen  0.06/turn              (no ring)
MPRegen  0.09/turn              (no ring)

@: lethally poisoned (0 -> -5)
A: fangs 3, see invisible, unbreathing
a: no special abilities


You were on level 2 of the Dungeon.
You were not thirsty.

You visited 1 branch of the dungeon, and saw 2 of its levels.

You collected 45 gold pieces.

Inventory:

Hand Weapons
 a - a +1 dagger (weapon)
Missiles
 m - 6 javelins (quivered)
Armour
 b - a +0 robe (worn)
 e - a +0 pair of gloves (worn)
Jewellery
 i - a cursed ring of teleportation {unknown}
 j - a cursed ring of attention {unknown}
Scrolls
 g - a scroll of enchant armour {unknown}
 h - a scroll of remove curse {unknown}
 k - a scroll of random uselessness {unknown}
 p - a scroll of teleportation {unknown}
 q - a scroll of fog {unknown}
Potions
 c - a potion of resistance {unknown}
 d - 2 potions of blood
 f - 2 potions of curing {unknown}
 l - a potion of haste {unknown}
 n - a potion of magic
 o - a potion of might {unknown}
 r - a potion of degeneration {unknown}


   Skills:
 + Level 1.4 Short Blades
 + Level 2.2 Dodging
 + Level 4.9 Stealth
 * Level 2.2 Spellcasting
 * Level 4.9 Hexes


You had 4 spell levels left.
You knew the following spells:

 Your Spells              Type           Power        Failure   Level  Hunger
a - Corona                Hex            ###....      2%          1    #......

Your spell library contained the following spells:

 Spells                   Type           Power        Failure   Level  Hunger
 Confuse                  Hex            ###.....     8%          3    ###....
 Tukima's Dance           Hex            ###.....     8%          3    ###....
 Ensorcelled Hibernation  Hex/Ice        ##....       11%         2    ###....
 Dazzling Spray           Conj/Hex       ##....       21%         3    ###....


Dungeon Overview and Level Annotations

Branches:
Dungeon (2/15)

Altars:


Innate Abilities, Weirdness & Mutations

You have razor-sharp teeth.
You have supernaturally acute eyesight. (SInv)
You can survive without breathing.


Message History

You closely miss the jackal.
You feel sick. The jackal closely misses you.
You hit the jackal.
The jackal is lightly wounded.
The jackal bites you.
You hit the jackal but do no damage. Your bite misses the jackal.
The jackal is lightly wounded.
The jackal bites you.
* * * LOW HITPOINT WARNING * * *
The jackal closely misses you.
You closely miss the jackal.
The jackal is lightly wounded.
* * * LOW HITPOINT WARNING * * *
You feel sick. The jackal closely misses you.
It was a potion of magic.
Magic courses through your body. The jackal bites you.
* * * LOW HITPOINT WARNING * * *
Yummy - fresh blood!
The jackal bites you.
* * * LOW HITPOINT WARNING * * *
The jackal bites you.
You die...

#########...######.#.##.
........................
.......................>
######..#.#######.#....
#.†#.# #........
.######..#.# #......##
.........#.# #.......#
.######h##.# #........
#@##.# #.....#.#
#.............. ..
####.#####..... #


You could see a jackal.

Vanquished Creatures
  An adder (D:2)
  A worm (D:2)
  A goblin (D:1)
  A jackal (D:2)
  2 bats (D:1)
  A kobold (D:1)
  6 rats (D:1)
13 creatures vanquished.

Notes
Turn   | Place    | Note
-------+----------+-------------------------------------------
     0 | D:1      | eccles the Vampire Enchanter began the quest for the Orb.
     0 | D:1      | Reached XP level 1. HP: 13/13 MP: 3/3
   508 | D:1      | Reached XP level 2. HP: 19/19 MP: 5/5
   808 | D:2      | Slain by a jackal

Action                   || total
-------------------------++-------
Melee: Dagger            ||    55
       Bite              ||     4
 Cast: Corona            ||     6
  Use: Potion            ||     2
 Stab: Sleeping          ||     1
  Eat: Corpse            ||     1
Armor: Robe              ||     7
Dodge: Dodged            ||    40
